 Dungeon Crawl Stone Soup version 0.24.0-13-gcf9b319 (webtiles) character file.

Game seed: 17406220114752300545, levelgen mode: deterministic

372 Boetheseconed the Conjurer (level 6, -2/25 HPs)
             Began as a Felid Conjurer on Dec 12, 2019.
             Was an Initiate of Sif Muna.
             Slain by an orc wizard
             ... wielding a cursed +0 long sword
              (7 damage)
             ... on level 5 of the Dungeon.
             The game lasted 00:28:30 (4890 turns).

Boetheseconed the Conjurer (Felid Conjurer)         Turns: 4890, Time: 00:28:31

Health: -2/25      AC:  2    Str:  4    XL:     6   Next: 43%
Magic:  1/13       EV: 19    Int: 18    God:    Sif Muna [......]
Gold:   212        SH:  0    Dex: 17    Spells: 9/13 levels left
                                        Lives:  0   Deaths: 1

rFire    . . .     SeeInvis +   (weapon unavailable)
rCold    . . .     Gourm    .   (shield unavailable)
rNeg     . . .     Faith    .   (armour unavailable)
rPois    .         Spirit   .   (helmet unavailable)
rElec    .         Reflect  .   (cloak unavailable)
rCorr    .         Harm     .   (gloves unavailable)
MR       .....     Rnd*Tele +   (boots unavailable)
Stlth    +++.......             (no amulet)
HPRegen  0.08/turn              h - ring of teleportation (curse)
MPRegen  0.13/turn              c - ring of flight

@: quick
A: very small, no armour, no weapons or thrown items, stealth, claws 1, fangs 3,
see invisible, carnivore, speed 1, shaggy fur 2, slow metabolism 1, sharp paws
a: Renounce Religion, Evoke Flight


You were on level 5 of the Dungeon.
You worshipped Sif Muna.
Sif Muna was noncommittal.
You were completely stuffed.

You visited 2 branches of the dungeon, and saw 6 of its levels.

You collected 212 gold pieces.

Inventory:

Jewellery
 c - a ring of flight (right paw)
 h - a cursed ring of teleportation (left paw)
Wands
 i - a wand of enslavement (14)
 o - a wand of iceblast (13)
Scrolls
 a - 2 scrolls of random uselessness
 d - a scroll of enchant armour
 j - a scroll of fog {unknown}
 k - 4 scrolls of identify {unknown}
 l - 2 scrolls of remove curse {unknown}
Potions
 e - a potion of degeneration {unknown}
 f - a potion of ambrosia {unknown}
 g - 2 potions of berserk rage {unknown}
Comestibles
 b - 9 rations
 m - a chunk of flesh


   Skills:
 + Level 1.2 Fighting
 + Level 4.2 Dodging
 + Level 3.4 Stealth
 + Level 4.1 Spellcasting
 + Level 6.0 Conjurations
 + Level 0.2 Hexes


You had 9 spell levels left.
You knew the following spells:

 Your Spells              Type           Power        Failure   Level  Hunger
a - Magic Dart            Conj           ####         1%          1    None
b - Searing Ray           Conj           ####..       1%          2    ##.....
c - Corona                Hex            #......      13%         1    None

Your spell library contained the following spells:

 Spells                   Type           Power        Failure   Level  Hunger
 Dazzling Spray           Conj/Hex       ###...       12%         3    ###....
 Iskenderun's Mystic Bla  Conj           ####....     12%         4    ####...
 Ensorcelled Hibernation  Hex/Ice        #.....       22%         2    ##.....
 Confuse                  Hex            #.......     36%         3    ###....
 Tukima's Dance           Hex            #.......     36%         3    ###....
 Fulminant Prism          Conj/Hex       ###.......   36%         4    ####...
 Force Lance              Conj/Tloc      ##......     38%         4    ####...


Dungeon Overview and Level Annotations

Branches:
Dungeon (5/15)             Temple (1/1) D:4

Altars:
Elyvilon
Fedhas
Hepliaklqana
Makhleb
Nemelex Xobeh
Okawaru
Sif Muna
Wu Jian
Xom
The Shining One

Shops:
D:4 *


Innate Abilities, Weirdness & Mutations

You cannot wear armour.
You are incapable of wielding weapons or throwing items.
Your paws allow you to move quietly. (Stealth)
You have sharp claws.
You have razor-sharp teeth.
You have supernaturally acute eyesight. (SInv)
You are carnivorous and can eat meat at any time.
You cover ground quickly.
You are covered in thick fur. (AC +2)
You have a slow metabolism.
Your sharp claws are effective at attacking unaware monsters.


Message History

Aim: an orc wizard, wielding a +0 long sword and wearing a +0 robe (lightly wounded, slightly transparent)
The magic dart hits the orc wizard but does no damage.
The orc wizard is lightly wounded.
Casting: Magic Dart (safe; 1% risk of failure)
Confirm with . or Enter, or press ? or * to list all spells.
Aiming: Magic Dart (safe; 1% risk of failure)
Press: ? - help, Shift-Dir - straight line, f/p - orc wizard
Aim: an orc wizard, wielding a +0 long sword and wearing a +0 robe (lightly wounded, slightly transparent)
The magic dart hits the orc wizard.
The orc wizard is heavily wounded.
Casting: Magic Dart (safe; 1% risk of failure)
Confirm with . or Enter, or press ? or * to list all spells.
Aiming: Searing Ray (safe; 1% risk of failure)
Press: ? - help, Shift-Dir - straight line, f/p - orc wizard
Aim: an orc wizard, wielding a +0 long sword and wearing a +0 robe (heavily wounded, slightly transparent)
The searing ray hits the orc wizard.
The orc wizard is severely wounded. (Press . to maintain the ray.)
The orc wizard hits you with a cursed +0 long sword!
You die...

........#
#.....##.....##
........#
#......)......#
........#
#............##
........#
#............#
....%...#
#.....##.....#
........#
#.....##.....##
...(..≈.#
#.....(.......#
###.....#
#?.....?......#
#(....#
#...@o........#
###.....#
#.............#
........#
#.............#
##......#
#.....##.....##
###....#
#.....##.....# #
##....#
#..............
# #...#
#...............
#..#
#...............
..# ..........


You could see an orc wizard.

Vanquished Creatures
  Menkaure (D:4)
  An ogre (D:5)
  A howler monkey (D:4)
  2 hounds (D:4)
  A centaur skeleton (D:4)
  2 worker ants (D:4)
  4 adders
  An ooze (D:1)
  An adder skeleton (D:4)
  2 worms
  3 dart slugs
  4 leopard geckos
  6 orcs
  7 bats
  6 giant cockroaches
  16 goblins
  4 hobgoblins
  A quokka (D:3)
  2 ball pythons
  3 frilled lizards
  A giant cockroach zombie (D:4)
  9 kobolds
  5 rats
83 creatures vanquished.

Notes
Turn   | Place    | Note
-------+----------+-------------------------------------------
     0 | D:1      | Boetheseconed the Felid Conjurer began the quest for the
                  | Orb.
     0 | D:1      | Reached XP level 1. HP: 7/7 MP: 4/4
   139 | D:1      | Reached skill level 4 in Conjurations
   139 | D:1      | Reached XP level 2. HP: 11/11 MP: 3/6
   672 | D:1      | Reached XP level 3. HP: 10/14 MP: 1/7
  1800 | D:2      | Reached XP level 4. HP: 18/18 MP: 4/8
  2010 | D:3      | Learned a level 2 spell: Searing Ray
  3326 | D:4      | Reached skill level 5 in Conjurations
  3453 | D:4      | Reached XP level 5. HP: 21/21 MP: 7/10
  3829 | D:4      | Found Heubek's Assorted Antiques.
  3890 | D:4      | Found a staircase to the Ecumenical Temple.
  3917 | Temple   | Entered the Ecumenical Temple
  3995 | Temple   | Became a worshipper of Sif Muna the Loreminder
  4047 | D:4      | Gained mutation: You are covered in thick fur. (AC +2)
                  | [Felid growth]
  4047 | D:4      | Reached XP level 6. HP: 25/25 MP: 0/12
  4426 | D:4      | Noticed Menkaure
  4451 | D:4      | Killed from afar by Menkaure
  4452 | D:4      | Reached XP level 5. HP: -4/21 MP: 1/11
  4464 | D:4      | Killed Menkaure
  4464 | D:4      | Reached XP level 6. HP: 8/25 MP: 8/12
  4742 | D:5      | Entered Level 5 of the Dungeon
  4746 | D:5      | Learned a level 1 spell: Corona
  4768 | D:5      | Reached skill level 1 in Fighting
  4768 | D:5      | Reached skill level 6 in Conjurations
  4795 | D:5      | Noticed a sky beast
  4890 | D:5      | Slain by an orc wizard

Levels and vault maps discovered:
D:1:      saegor_arrival_simple_c, layout_basic
D:2:      layout_loops_ring, minivault_27
D:3:      layout_loops_cross, first_ration
D:4:      minmay_thinvault, layout_loops_corners, minmay_temple_entry_glass,
          serial_shops, shop, uniq_menkaure
D:5:      layout_gridville, gammafunk_temple_overflow_claw
Temple:   cyrus_temple_forest

Skill      XL: |  1  2  3  4  5  6 |
---------------+-------------------+-----
Conjurations   | 4 5 6 |  6.0
Dodging        | 3 4 |  4.2
Stealth        | 3 |  3.4
Spellcasting   | 3 4 |  4.1
Fighting       | 1 |  1.2
Hexes          | |  0.2

Action                   |  1- 3 |  4- 6 || total
-------------------------+-------+-------++-------
Melee: Unarmed           |     3 |     2 ||     5
       Bite              |     1 |       ||     1
 Cast: Magic Dart        |    87 |   101 ||   188
       Searing Ray       |       |    22 ||    22
       Corona            |       |     3 ||     3
  Use: Scroll            |       |     5 ||     5
       Potion            |       |     3 ||     3
  Eat: Chunk             |     8 |    12 ||    20
Armor: Skin              |     1 |     1 ||     2
Dodge: Dodged            |    12 |    61 ||    73
